 Dungeon Crawl Stone Soup version 0.29.0-13-gc9e81de378 (webtiles) character file.

Game seed: 13014688365129677790

10299 hawla the Arsonist (level 11, -4/87 HPs)
             Began as a Deep Elf Fire Elementalist on Sept 10, 2022.
             Was a Believer of Vehumet.
             Slain by an eight-headed hydra (10 damage)
             ... on level 12 of the Dungeon.
             The game lasted 00:29:01 (12569 turns).

hawla the Arsonist (Deep Elf Fire Elementalist)    Turns: 12569, Time: 00:29:02

Health: -4/87      AC: 25    Str:  5    XL:     11   Next: 34%
Magic:  4/27       EV:  2    Int: 25    God:    Vehumet [**....]
Gold:   696        SH:  0    Dex: 21    Spells: 21/31 levels left

rFire   . . .      SeeInvis .   f - +5 demon trident (flame)
rCold   . . .      Faith    .   (no shield)
rNeg    . . .      Spirit   .   (body armour currently unavailable)
rPois   +          Reflect  .   (helmet currently unavailable)
rElec   .          Harm     .   (cloak currently unavailable)
rCorr   .          Rampage  .   (gloves currently unavailable)
Will    +....      NoTele   +   (boots currently unavailable)
Stlth   +++.......              (no amulet)
HPRegen 0.24/turn               e - +6 ring of dexterity
MPRegen 0.20/turn               s - +4 ring of evasion

@: tree-form
A: stationary, stasis, torment immunity, boosted hp
a: Renounce Religion


You were on level 12 of the Dungeon.
You worshipped Vehumet.
Vehumet was pleased with you.
You were a tree.
You visited 2 branches of the dungeon, and saw 12 of its levels.
You also visited: Bailey.

You collected 696 gold pieces.

Inventory:

Hand Weapons
 f - a +5 demon trident of flaming (weapon)
Missiles
 g - a curare-tipped dart
 q - 40 poisoned darts
Armour
 c - a +2 pair of gloves (melded)
 n - a +2 helmet (melded)
 o - a +2 pair of boots (melded)
 t - a +2 robe of fire resistance (melded)
Magical Staves
 b - a staff of air
Jewellery
 e - a +6 ring of dexterity (left branch)
 h - a ring of positive energy
 s - a +4 ring of evasion (right branch)
 u - an amulet of guardian spirit
 w - a ring of see invisible
 x - a ring of ice
Wands
 m - a wand of light (7)
 r - a wand of polymorph (5)
Scrolls
 v - 2 scrolls of amnesia
 y - a scroll of enchant armour
 A - 2 scrolls of poison
Potions
 a - 2 potions of brilliance
 d - a potion of berserk rage
 i - a potion of ambrosia
 j - a potion of haste
 k - a potion of lignification
 l - 4 potions of curing
 p - a potion of cancellation {unknown}
 z - a potion of mutation {unknown}
 B - 5 potions of might {unknown}
 D - 2 potions of flight {unknown}


   Skills:
 + Level 2.4 Fighting
 + Level 5.4 Polearms
 + Level 5.6 Dodging
 - Level 3.6 Stealth
 + Level 10.7 Spellcasting
 + Level 7.7 Conjurations
 + Level 6.8 Necromancy
 + Level 10.9 Fire Magic
 - Level 1.0 Air Magic
 + Level 1.1 Evocations


You had 21 spell levels left.
You knew the following spells:

 Your Spells              Type           Power      Damage    Failure   Level
a - Foxfire               Conj/Fire      100%       2x1d9     1%          1
b - Scorch                Fire           100%       2d10      1%          2
c - Flame Wave            Conj/Fire      56%        2d13      1%          4
d - Vampiric Draining     Necr           47%        2d9       1%          3

Your spell library contained the following spells:

 Spells                   Type           Power      Damage    Failure   Level
 Shock                    Conj/Air       100%       1d9       1%          1
 Necrotise                Necr           100%       1d9       1%          1
 Static Discharge         Conj/Air       35%        3-8/arc   1%          2
 Conjure Flame            Conj/Fire      56%        6-21      1%          3
 Inner Flame              Hex/Fire       40%        N/A       1%          3
 Apportation              Tloc           26%        N/A       4%          1
 Slow                     Hex            52%        N/A       4%          1
 Summon Small Mammal      Summ           52%        N/A       4%          1
 Confusing Touch          Hex            13%        N/A       14%         3
 Lightning Bolt           Conj/Air       17%        1d32      22%         5
 Cause Fear               Hex            6%         N/A       41%         4
 Passage of Golubria      Tloc           13%        N/A       41%         4
 Silence                  Hex/Air        7%         N/A       71%         5
 Alistair's Intoxication  Tmut/Pois      8%         N/A       77%         5
 Discord                  Hex            6%         N/A       100%        8
 Lehudib's Crystal Spear  Conj/Erth      16%        10d5      100%        8
 Maxwell's Capacitive Co  Air            9%         ∞         100%        8


Dungeon Overview and Level Annotations

Branches:
Dungeon (10/15)            Temple (1/1) D:7            Lair (0/5) D:9
    Orc (0/2) D:9          Bailey (visited)

Altars:
Ashenzari
Cheibriados
Dithmenos
Elyvilon
Fedhas
Gozag
Hepliaklqana
Kikubaaqudgha
Makhleb
Nemelex Xobeh
Okawaru
Qazlal
Ru
Sif Muna
Trog
Uskayaw
Vehumet
Wu Jian
Xom
Yredelemnul
Zin
The Shining One


Message History

The eight-headed hydra is severely wounded.
The eight-headed hydra bites you but does no damage. x4
The eight-headed hydra barely misses you.
The eight-headed hydra bites you but does no damage. x3
You completely miss the eight-headed hydra.
The eight-headed hydra is severely wounded.
The eight-headed hydra bites you!
The eight-headed hydra bites you but does no damage. x7
You hit the eight-headed hydra. You burn the eight-headed hydra.
The eight-headed hydra is severely wounded.
The eight-headed hydra bites you.
The eight-headed hydra bites you but does no damage. x4
The eight-headed hydra bites you!
* * * LOW HITPOINT WARNING * * *
The eight-headed hydra bites you!
* * * LOW HITPOINT WARNING * * *
The eight-headed hydra bites you but does no damage.
You feel much better. The eight-headed hydra bites you!
The eight-headed hydra bites you.
The eight-headed hydra bites you but does no damage.
The eight-headed hydra bites you!
* * * LOW HITPOINT WARNING * * *
The eight-headed hydra bites you but does no damage.
The eight-headed hydra bites you.
* * * LOW HITPOINT WARNING * * *
The eight-headed hydra bites you but does no damage. x2
You hit the eight-headed hydra. You burn the eight-headed hydra.
The eight-headed hydra is severely wounded.
The eight-headed hydra bites you but does no damage. x2
The eight-headed hydra bites you!
* * * LOW HITPOINT WARNING * * *
The eight-headed hydra bites you but does no damage. x5
Casting: Flame Wave (mildly dangerous; 1% risk of failure)
Confirm with . or Enter, or press ? or * to list all spells.
Flames lash the eight-headed hydra.
The eight-headed hydra is almost dead.
The eight-headed hydra's fire resistance burns away.
The eight-headed hydra bites you but does no damage. x3
The eight-headed hydra bites you!
You die...

#...# #...#
....# #... #..#
# #..# #.#..#
#####.#♣.#
#.....D.!###.#
......#......#
#######.####.#
#.#
.###########.#
..[..........#
........######
#######.########


You could see an eight-headed hydra (combustible).

Vanquished Creatures
  Erica (D:8)
  A gargoyle (D:12)
  3 trolls (D:9)
  8 slime creatures (D:12)
  A wyvern (D:8)
  A vampire (D:8)
  A wraith (D:12)
  4 vampire mosquitoes (D:9)
  A water moccasin (D:9)
  3 ice beasts
  13 orc warriors
  2 sky beasts (D:7)
  2 black bears
  6 ogres
  9 centaurs
  5 wolves
  2 phantoms
  Blork the orc (D:4)
  6 kobold brigands
  2 bullfrogs
  4 gnoll sergeants (D:9)
  A scorpion (D:5)
  3 necrophages
  7 wights
  5 killer bees (D:9)
  4 electric eels (D:9)
  4 jellies
  A gnoll bouda (D:5)
  An orc priest (D:8)
  4 hounds
  7 orc wizards
  3 iguanas
  7 adders
  7 gnolls
  2 shadow imps (D:7)
  A white imp (D:6)
  5 worms
  4 dart slugs
  46 orcs
  5 bats
  7 endoplasms
  A giant cockroach (D:4)
  12 goblins
  8 hobgoblins
  28 kobolds
  3 quokkas
  6 ball pythons
  5 frilled lizards
  10 rats
273 creatures vanquished.

Vanquished Creatures (others)
  321 foxfires
  16 plants (D:6)
337 creatures vanquished.

Grand Total: 610 creatures vanquished

Notes
Turn   | Place    | Note
-------+----------+-------------------------------------------
     0 | D:1      | hawla the Deep Elf Fire Elementalist began the quest for
                  | the Orb.
     0 | D:1      | Reached XP level 1. HP: 10/10 MP: 6/6
   188 | D:1      | Reached XP level 2. HP: 15/15 MP: 6/8
  1241 | D:2      | Learned a level 2 spell: Scorch
  1255 | D:2      | Reached XP level 3. HP: 12/19 MP: 9/9
  1896 | D:2      | Found a faded altar of an unknown god.
  1905 | D:2      | Reached skill level 1 in Polearms
  1905 | D:2      | Reached XP level 4. HP: 18/24 MP: 7/11
  1910 | D:2      | Learned a level 4 spell: Flame Wave
  2256 | D:3      | Noticed an ice beast
  2272 | D:3      | Killed an ice beast
  2273 | D:3      | Reached XP level 5. HP: 28/28 MP: 6/12
  2562 | D:3      | Found a white marble altar of Elyvilon.
  3070 | D:4      | Noticed an ogre
  3076 | D:4      | Killed an ogre
  3077 | D:4      | Reached skill level 5 in Fire Magic
  3077 | D:4      | Reached XP level 6. HP: 32/32 MP: 5/13
  3386 | D:4      | Noticed Blork the orc
  3516 | D:4      | Killed Blork the orc
  3517 | D:4      | Reached XP level 7. HP: 26/36 MP: 3/14
  4159 | D:5      | Entered Level 5 of the Dungeon
  4184 | D:5      | Reached skill level 5 in Conjurations
  4368 | D:5      | Found a hazy altar of Hepliaklqana.
  4791 | D:5      | Reached XP level 8. HP: 41/41 MP: 10/16
  4795 | D:5      | Learned a level 3 spell: Vampiric Draining
  4918 | D:5      | Reached skill level 1 in Necromancy
  4961 | D:5      | Found a glowing golden altar of the Shining One.
  5010 | D:5      | Found a basalt altar of Yredelemnul.
  5013 | D:5      | Noticed a profane servitor
  5514 | D:6      | Reached skill level 5 in Necromancy
  6777 | D:7      | Found a flagged portal.
  6786 | Bailey   | Entered a bailey
  7110 | Bailey   | Reached XP level 9. HP: 46/46 MP: 11/18
  7146 | Bailey   | Reached skill level 5 in Spellcasting
  7465 | Bailey   | Reached skill level 1 in Fighting
  7762 | Bailey   | Reached skill level 1 in Evocations
  8515 | D:7      | Found a staircase to the Ecumenical Temple.
  8521 | Temple   | Entered the Ecumenical Temple
  8582 | Temple   | Became a worshipper of Vehumet
  9095 | D:7      | Found an ornate altar of the Wu Jian Council.
  9235 | D:7      | Found a shadowy altar of Dithmenos.
  9236 | D:7      | Found a blossoming altar of Fedhas.
  9294 | D:7      | Found a broken altar of Ashenzari.
  9726 | D:8      | Noticed Erica
  9735 | D:8      | Killed Erica
  9736 | D:8      | Reached skill level 10 in Fire Magic
  9736 | D:8      | Reached XP level 10. HP: 52/52 MP: 8/24
  9950 | D:8      | Found a shimmering altar of Xom.
  9964 | D:8      | Found an ancient bone altar of Kikubaaqudgha.
 10734 | D:9      | Reached * piety under Vehumet
 10734 | D:9      | Offered knowledge of Magic Dart by Vehumet.
 10851 | D:9      | Found a staircase to the Lair.
 11010 | D:9      | Found a staircase to the Orcish Mines.
 11022 | D:9      | Reached skill level 10 in Spellcasting
 11298 | D:9      | Found an opulent altar of Gozag.
 11480 | D:9      | Offered knowledge of Shock by Vehumet.
 11480 | D:9      | Reached ** piety under Vehumet
 11481 | D:9      | Reached XP level 11. HP: 57/57 MP: 17/27
 11557 | D:9      | Identified the +7 long sword "Wogeinkok" {holy, rC+ Will+
                  | Int+2 Dex+3}
 11602 | D:9      | Found a sacrificial altar of Ru.
 11689 | D:9      | Reached skill level 5 in Polearms
 11914 | D:10     | Entered Level 10 of the Dungeon
 12250 | D:10     | You fall into a shaft and drop 2 floors!
 12311 | D:12     | Reached skill level 5 in Dodging
 12311 | D:12     | Reached skill level 1 in Air Magic
 12557 | D:12     | Noticed an eight-headed hydra
 12569 | D:12     | Slain by an eight-headed hydra

Illustrated notes

Levels and vault maps discovered:
D:1:      sevenhm_arrival_forest_fort_large_2, layout_basic
D:2:      wad_crossroads, layout_rooms,
          dreamdust_ecumenical_altar_angels_and_demons
D:3:      layout_basic, lemuel_doored_altar, serial_corexii_hall,
          corexii_hall_statues_s, corexii_hall_statues_x,
          guppyfry_early_lair_pool
D:4:      layout_cave_pools, kennysheep_another_room, nrook_mini_backslash,
          hangedman_decor_slide_cut, hangedman_decor_clover_reticule,
          uniq_blork_the_orc
D:5:      cheibrodos_quashed, layout_basic, grunt_temple_overflow_holy_war,
          kennysheep_mini_moat
D:6:      kennysheep_kobold_camp, layout_basic, kennysheep_minor_cross
D:7:      layout_loops_corners, grunt_temple_overflow_open,
          mainiacjoe_overflow_boulevard, minmay_temple_entry_overgrown,
          nicolae_ossuary_entry_monument, enter_bailey_4, grunt_ministairs_1
D:8:      layout_basic, mainiacjoe_overflow_large_starburst, uniq_erica
D:9:      layout_irregular_city, mainiacjoe_overflow_catwalk,
          old_standard_altar, erik_lair_island,
          kennysheep_orc_monster_closet_entryway, nicolae_titane
D:10:     layout_gridville, minivault_25_ag
D:12:     layout_loops_ring, uniq_frances
Temple:   eino_wide_crystal_templ

Skill      XL: |  1  2  3  4  5  6  7  8  9 10 11 |
---------------+----------------------------------+-----
Stealth        | 3 |  3.6
Polearms       | 1 2 3 4 5 |  5.4
Fire Magic     | 4 5 6 8 10 | 10.9
Conjurations   | 2 3 4 5 6 7 |  7.7
Spellcasting   | 4 8 10 | 10.7
Necromancy     | 6 |  6.8
Dodging        | 3 4 5 |  5.6
Fighting       | 1 2 |  2.4
Evocations     | 1 |  1.1
Air Magic      | 1 |  1.0

Action                   |  1- 3 |  4- 6 |  7- 9 | 10-12 || total
-------------------------+-------+-------+-------+-------++-------
Melee: Demon trident     |    64 |    28 |   122 |    90 ||   304
       Punch             |       |       |     2 |     1 ||     3
 Cast: Foxfire           |    15 |    14 |   123 |    25 ||   177
       Scorch            |     2 |     9 |    57 |    15 ||    83
       Flame Wave        |       |     1 |     6 |    24 ||    31
       Vampiric Draining |       |       |     6 |     2 ||     8
Evoke: Wand              |       |       |     6 |       ||     6
  Use: Scroll            |       |    10 |    16 |     5 ||    31
       Potion            |       |       |     6 |     4 ||    10
 Stab: Sleeping          |    15 |    10 |     7 |     3 ||    35
       Distracted        |     1 |       |     1 |       ||     2
Armor: Robe              |    10 |     6 |    37 |    39 ||    92
       Skin              |       |       |    26 |    45 ||    71
Dodge: Dodged            |    29 |    17 |   120 |   148 ||   314
